 Dungeon Crawl Stone Soup version 0.19.1-1-g22dce08 (webtiles) character file.

1161 bombpersons the Skirmisher (level 8, -5/111 HPs)
             Began as a Centaur Wanderer on Dec 29, 2016.
             Was a Priest of Trog.
             Slain by a wight
             ... wielding a cursed +5 trident
              (7 damage)
             ... on level 6 of the Dungeon.
             The game lasted 00:28:44 (5717 turns).

bombpersons the Skirmisher (Centaur Wanderer)       Turns: 5717, Time: 00:28:44

Health: -5/111     AC:  8    Str: 22    XL:     8   Next: 16%
Magic:  9/9        EV: 12    Int: 11    God:    Trog [***...]
Gold:   16         SH:  0    Dex:  9    Spells: 0 memorised, 7 levels left

rFire  x . .     SeeInvis .     a - +2 spear
rCold  + + .     Gourm    .     H - +0 ice dragon scales
rNeg   . . .     Faith    .     (no shield)
rPois  .         Spirit   .     (no helmet)
rElec  .         Reflect  .     f - +0 cloak
rCorr  +         Harm     .     (no gloves)
MR     ++...                    (no barding)
Stlth  ..........               (no amulet)
                                y - +5 ring of evasion
                                h - ring of resist corrosion

@: berserking, regenerating, heavily drained, very quick
A: hooves 3, deformed body, speed 2, tough skin 3
a: Berserk, Trog's Hand, Burn Spellbooks, Renounce Religion


You were on level 6 of the Dungeon.
You worshipped Trog.
Trog was most pleased with you.
You were not hungry.

You visited 1 branch of the dungeon, and saw 6 of its levels.

You collected 135 gold pieces.
You spent 119 gold pieces at shops.

Inventory:

Hand Weapons
 a - a +2 spear (weapon)
 k - a +0 hunting sling
 A - a -1 trident
Missiles
 p - 4 needles of sleeping
 r - 4 javelins (quivered)
Armour
 c - a +0 chain mail of positive energy
 f - a +0 cloak (worn)
 o - a +0 ring mail
 B - a +0 scale mail
 H - +0 ice dragon scales (worn)
Magical Staves
 z - an uncursed staff of cold
Jewellery
 h - a ring of resist corrosion (left hand)
 y - a +5 ring of evasion (right hand)
Scrolls
 b - 3 scrolls of recharging
 i - 3 scrolls of teleportation
 j - a scroll of fog {unknown}
 l - a scroll of blinking {unknown}
 m - a scroll of noise {unknown}
 s - a scroll of amnesia {unknown}
 C - a scroll of fear {unknown}
 J - a scroll of random uselessness {unknown}
 K - a scroll of remove curse
Potions
 e - a potion of berserk rage
 n - a potion of brilliance {unknown}
 u - 3 potions of heal wounds {unknown}
 w - 2 potions of agility {unknown}
 x - a potion of ambrosia {unknown}
 D - a potion of lignification {unknown}
 F - 2 potions of might {unknown}
 I - a potion of haste {unknown}
Comestibles
 d - 2 bread rations
 g - 2 beef jerkies
 q - a slice of pizza
 t - a fruit
 G - a meat ration


   Skills:
 * Level 7.8(5.9) Fighting
 * Level 5.7(3.9) Polearms
 + Level 4.3(2.6) Throwing
 - Level 1.3(0.0) Armour
 - Level 1.0(0.0) Dodging
 - Level 1.7(0.1) Evocations


You had 7 spell levels left.
You didn't know any spells.

Dungeon Overview and Level Annotations

Branches:
Dungeon (6/15)             Temple (0/1) D:5

Altars:
Okawaru
Trog
Uskayaw

Shops:
D:5 *


Innate Abilities, Weirdness & Mutations

You have hooves in place of feet.
Armour fits poorly on your strangely shaped body.
You cover ground very quickly.
You have extremely tough skin. (AC +3)


Message History

The wight hits you with a scimitar.
* * * LOW HITPOINT WARNING * * *
You hit the orc wizard.
You kill the orc wizard!
Trog accepts your kill.
Trog appreciates your killing of a magic user.
You closely miss the wight.
The wight is severely damaged.
The wight barely misses you.
The crimson imp blinks!
The wight hits you but does no damage.
You barely miss the wight.
The wight is severely damaged.
The wight hits you from afar with an enchanted trident!
* * * LOW HITPOINT WARNING * * *
You puncture the wight!
You destroy the wight!
Trog accepts your kill.
You hear a blaring wail to the north.
The wight hits you with an enchanted trident!
You die...

.. 5. #(
######ยง
.....))## #<#
#)# #.# #@#
........z......
#.....#.#.....#
#.###.#.#####.#
# #.# #.. ...
###


You could see a wight and a crimson imp.

Vanquished Creatures
  Grinder (D:3)
  The ghost of barowei the Chopper, an amateur HOFi of Beogh (D:4)
  An ogre (D:4)
  A centaur (D:5)
  A wight (D:6)
  A quasit (D:5)
  6 orc wizards
  An orc priest (D:3)
  Terence (D:3)
  2 iguanas
  Natasha (thrice) (D:3 D:4)
  A worker ant (D:4)
  A worker ant zombie (D:3)
  4 gnolls (D:3)
  5 adders
  2 shadow imps (D:5)
  2 oozes
  2 adder zombies (D:5)
  3 worms
  2 dart slugs
  6 leopard geckos
  13 orcs
  2 ball pythons
  5 bats
  A giant cockroach (D:2)
  8 goblins
  11 hobgoblins
  6 jackals
  6 kobolds
  3 quokkas
  4 frilled lizards
  7 rats
113 creatures vanquished.

Notes
Turn   | Place    | Note
-------+----------+-------------------------------------------
     0 | D:1      | bombpersons the Centaur Wanderer began the quest for the Orb.
     0 | D:1      | bombpersons set off with: a +2 spear, a +0 ring mail, a potion of curing, a bread ration
     0 | D:1      | Reached XP level 1. HP: 23/23 MP: 2/2
    84 | D:1      | Reached skill level 1 in Polearms
   115 | D:1      | Reached XP level 2. HP: 19/29 MP: 3/3
   880 | D:1      | Reached XP level 3. HP: 36/36 MP: 4/4
  1268 | D:2      | Found a bloodstained altar of Trog.
  1280 | D:2      | Became a worshipper of Trog the Wrathful
  1296 | D:2      | Reached skill level 1 in Throwing
  1810 | D:2      | Reached XP level 4. HP: 42/42 MP: 5/5
  1942 | D:3      | Noticed Natasha
  1949 | D:3      | Killed Natasha
  2113 | D:3      | Noticed Natasha
  2133 | D:3      | Killed Natasha
  2133 | D:3      | Reached * piety under Trog
  2292 | D:3      | Noticed Grinder
  2300 | D:3      | Reached XP level 5. HP: 50/50 MP: 6/6
  2305 | D:3      | Paralysed by Grinder for 7 turns
  2317 | D:3      | Paralysed by Grinder for 2 turns
  2326 | D:3      | Killed Grinder
  2326 | D:3      | Reached skill level 6 in Fighting
  2326 | D:3      | Reached XP level 6. HP: 17/58 MP: 7/7
  2719 | D:3      | Found a hide-covered altar of Uskayaw.
  3193 | D:3      | Noticed Terence
  3210 | D:3      | Killed Terence
  3440 | D:3      | Found an iron altar of Okawaru.
  3475 | D:3      | Reached ** piety under Trog
  3597 | D:3      | Reached XP level 7. HP: 36/64 MP: 8/8
  3965 | D:4      | Noticed Natasha
  3966 | D:4      | Killed Natasha
  4084 | D:4      | Noticed barowei's ghost (amateur HOFi)
  4127 | D:4      | Killed barowei's ghost
  4127 | D:4      | Reached skill level 7 in Fighting
  4610 | D:4      | Reached skill level 5 in Polearms
  4975 | D:5      | Entered Level 5 of the Dungeon
  5145 | D:5      | Found Loescheho's Assorted Antiques.
  5173 | D:5      | Bought a sapphire potion for 22 gold pieces
  5173 | D:5      | Bought a smoky inky potion for 22 gold pieces
  5173 | D:5      | Bought a scroll of identify for 50 gold pieces
  5173 | D:5      | Bought a scroll labeled JUMMOL KUZ ADA for 25 gold pieces
  5327 | D:5      | Found a staircase to the Ecumenical Temple.
  5493 | D:5      | Reached XP level 8. HP: 73/73 MP: 9/9
  5679 | D:6      | Reached *** piety under Trog
  5715 | D:6      | HP: 1/111 [wight/enchanted trident (8)]
  5717 | D:6      | Slain by a wight

Skill      XL: |  1  2  3  4  5  6  7 |
---------------+----------------------+-----
Polearms       | 1 2 3 4 5 |  5.7
Throwing       | 1 2 3 4 |  4.3
Fighting       | 6 7 |  7.8
Armour         | |  1.3
Dodging        | |  1.0
Evocations     | |  1.7

Action                   |  1- 3 |  4- 6 |  7- 9 || total
-------------------------+-------+-------+-------++-------
Melee: Spear             |   122 |   180 |   204 ||   506
       Kick              |    14 |    31 |    43 ||    88
Throw: Javelin           |     4 |    17 |    22 ||    43
Invok: Berserk           |       |     1 |     2 ||     3
       Trog's Hand       |       |       |     1 ||     1
  Use: Scroll            |     2 |     4 |     2 ||     8
       Potion            |     1 |       |     1 ||     2
  Eat: Bread ration      |     1 |       |     2 ||     3
       Meat ration       |     1 |       |       ||     1
Armor: Ring mail         |    45 |       |       ||    45
       Chain mail        |    19 |    73 |    28 ||   120
       Ice dragon scales |       |       |    79 ||    79
Dodge: Dodged            |    50 |    54 |   139 ||   243
